TOP OF THE 1ST |
Helena Grizzlies batting - Pitching for Lancaster Farmers : RHP John Boyle
|
Pitching: RHP John Boyle
|
|
Batting: RHB Emílio Ortíz
|
0-0: Called Strike 0-1: Ball 1-1: Ball 2-1: Ball 3-1: Base on Balls
|
Batting: RHB Joe Chase
|
0-0: Ball 1-0: Ball 2-0: Called Strike 2-1: Swinging Strike 2-2: Grounds into double play, 6-4-3 (Groundball, 6)
|
Batting: LHB Juan Hernández
|
0-0: Ball 1-0: Called Strike 1-1: Swinging Strike 1-2: Ball 2-2: Strikes out swinging
|
Top of the 1st over - 0 run(s), 0 hit(s), 0 error(s), 0 left on base; Helena 0 - Lancaster 0 |
BOTTOM OF THE 1ST |
Lancaster Farmers batting - Pitching for Helena Grizzlies : RHP Jorge Rivas
|
Pitching: RHP Jorge Rivas
|
|
Batting: RHB Fernando Castro
|
0-0: Ball 1-0: Ball 2-0: Foul Ball, location: 2F 2-1: Fly out, F6 (Popup, 5D)
|
Batting: RHB Fred Meyer
|
0-0: Ground out 5-3 (Groundball, 5)
|
Batting: LHB Jim Unknown
|
0-0: Called Strike 0-1: Foul Ball, location: 2F 0-2: Ball 1-2: Fly out, F9 (Popup, 9S)
|
Bottom of the 1st over - 0 run(s), 0 hit(s), 0 error(s), 0 left on base; Helena 0 - Lancaster 0 |
TOP OF THE 2ND |
Helena Grizzlies batting - Pitching for Lancaster Farmers : RHP John Boyle
|
Batting: RHB Pancho Salaedo
|
0-0: Ball 1-0: Ball 2-0: Ball 3-0: Base on Balls
|
Batting: LHB José Alonso
|
0-0: Foul Ball, location: 2F 0-1: Foul Ball, location: 2F 0-2: Ball 1-2: Strikes out looking
|
Batting: RHB Wilbur James
|
0-0: Ball 1-0: Ball 2-0: Called Strike 2-1: Ball 3-1: Called Strike 3-2: Strikes out swinging
|
Batting: RHB David Ramírez
|
0-0: Foul Ball, location: 2F 0-1: Called Strike 0-2: Strikes out swinging
|
Top of the 2nd over - 0 run(s), 0 hit(s), 0 error(s), 1 left on base; Helena 0 - Lancaster 0 |
BOTTOM OF THE 2ND |
Lancaster Farmers batting - Pitching for Helena Grizzlies : RHP Jorge Rivas
|
Batting: RHB Jason Ruffin
|
0-0: Ball 1-0: Foul Ball, location: 2F 1-1: Called Strike 1-2: Fly out, F8 (Flyball, 8LS)
|
Batting: LHB Jim Unknown
|
0-0: Called Strike 0-1: Ball 1-1: Swinging Strike 1-2: Strikes out looking
|
Batting: RHB Bennett Bates
|
0-0: Foul Ball, location: 2F 0-1: Called Strike 0-2: Ball 1-2: Ball 2-2: Fly out, F5 (Line Drive, 5L)
|
Bottom of the 2nd over - 0 run(s), 0 hit(s), 0 error(s), 0 left on base; Helena 0 - Lancaster 0 |
TOP OF THE 3RD |
Helena Grizzlies batting - Pitching for Lancaster Farmers : RHP John Boyle
|
Batting: RHB Hank Kenney
|
0-0: Ball 1-0: Ball 2-0: Called Strike 2-1: Ball 3-1: Foul Ball, location: 2F 3-2: Base on Balls
|
Batting: RHB Jack Glenn
|
0-0: Ball Wild Pitch! Hank Kenney to second 1-0: Called Strike 1-1: Swinging Strike 1-2: Ball 2-2: Strikes out looking
|
Batting: RHB Emílio Ortíz
|
0-0: Ball 1-0: Ball 2-0: Ball 3-0: Base on Balls
|
Batting: RHB Joe Chase
|
0-0: Ball 1-0: Grounds into double play, 6-4-3 (Groundball, 6)
|
Top of the 3rd over - 0 run(s), 0 hit(s), 0 error(s), 1 left on base; Helena 0 - Lancaster 0 |
BOTTOM OF THE 3RD |
Lancaster Farmers batting - Pitching for Helena Grizzlies : RHP Jorge Rivas
|
Batting: RHB Chuck Wolf
|
0-0: Called Strike 0-1: Foul Ball, location: 2F 0-2: Ball 1-2: Ground out 1-3 (Groundball, 25)
|
Batting: LHB Rob Wilson
|
0-0: Fly out, F7 (Flyball, 78M)
|
Batting: RHB Jack Sloan
|
0-0: Foul Ball, location: 2F 0-1: Called Strike 0-2: Ball 1-2: Ball 2-2: Strikes out looking
|
Bottom of the 3rd over - 0 run(s), 0 hit(s), 0 error(s), 0 left on base; Helena 0 - Lancaster 0 |
TOP OF THE 4TH |
Helena Grizzlies batting - Pitching for Lancaster Farmers : RHP John Boyle
|
Batting: LHB Juan Hernández
|
0-0: Foul Ball, location: 2F 0-1: Ball 1-1: Ball 2-1: Ball 3-1: Called Strike 3-2: Ground out U3 (Groundball, 3S)
|
Batting: RHB Pancho Salaedo
|
0-0: Fly out, F9 (Flyball, 89M)
|
Batting: LHB José Alonso
|
0-0: Called Strike 0-1: Swinging Strike 0-2: Strikes out swinging
|
Top of the 4th over - 0 run(s), 0 hit(s), 0 error(s), 0 left on base; Helena 0 - Lancaster 0 |
BOTTOM OF THE 4TH |
Lancaster Farmers batting - Pitching for Helena Grizzlies : RHP Jorge Rivas
|
Batting: RHB Fernando Castro
|
0-0: Bunt for hit - play at first, batter safe!
|
Batting: RHB Fred Meyer
|
0-0: Ball 1-0: Ball 2-0: Called Strike 2-1: Swinging Strike 2-2: Ground out 3-1 (Groundball, 34S) Fernando Castro to second
|
Batting: LHB Jim Unknown
|
0-0: Foul Ball, location: 2F 0-1: Ball 1-1: Swinging Strike 1-2: Fly out, F6 (Popup, 6M)
|
Batting: RHB Jason Ruffin
|
0-0: 2-RUN HOME RUN (Flyball, 7LD), Distance : 350 ft
|
Batting: LHB Jim Unknown
|
0-0: Ball 1-0: DOUBLE (Line Drive, 9D)
|
Batting: RHB Bennett Bates
|
0-0: Ball 1-0: Ball 2-0: Swinging Strike 2-1: Foul Ball, location: 2F 2-2: Ball Single, Error in OF, E9, batter to second base Jim Unknown scores
|
Batting: RHB Chuck Wolf
|
0-0: Ball 1-0: Ball 2-0: SINGLE (Groundball, 4MD) Bennett Bates to third Runner from 3rd tries for Home, SAFE, no throw or cutoff
|
Batting: LHB Rob Wilson
|
0-0: Called Strike 0-1: Called Strike 0-2: Ground out 4-3 (Groundball, 4)
|
Bottom of the 4th over - 4 run(s), 5 hit(s), 1 error(s), 1 left on base; Helena 0 - Lancaster 4 |
TOP OF THE 5TH |
Helena Grizzlies batting - Pitching for Lancaster Farmers : RHP John Boyle
|
Batting: RHB Wilbur James
|
0-0: Ball 1-0: Foul Ball, location: 2F 1-1: Swinging Strike 1-2: Ball 2-2: Strikes out swinging
|
Batting: RHB David Ramírez
|
0-0: Ball 1-0: Foul Ball, location: 2F 1-1: Called Strike 1-2: Ball 2-2: Strikes out looking
|
Batting: RHB Hank Kenney
|
0-0: SINGLE (Line Drive, 9S)
|
Batting: RHB Jack Glenn
|
Balk! Hank Kenney to second 0-0: Called Strike 0-1: Swinging Strike 0-2: Ball 1-2: Strikes out looking
|
Top of the 5th over - 0 run(s), 1 hit(s), 0 error(s), 1 left on base; Helena 0 - Lancaster 4 |
BOTTOM OF THE 5TH |
Lancaster Farmers batting - Pitching for Helena Grizzlies : RHP Jorge Rivas
|
Batting: RHB Jack Sloan
|
0-0: Swinging Strike 0-1: Ball 1-1: Ball 2-1: Swinging Strike 2-2: Strikes out swinging
|
Batting: RHB Fernando Castro
|
0-0: Swinging Strike 0-1: Foul Ball, location: 2F 0-2: Foul Ball, location: 2F 0-2: Ball 1-2: Fly out, F6 (Line Drive, 6M)
|
Batting: RHB Fred Meyer
|
0-0: DOUBLE (Line Drive, 78M)
|
Batting: LHB Jim Unknown
|
0-0: Ball 1-0: Ball 2-0: 2-RUN HOME RUN (Flyball, 9D), Distance : 399 ft
|
Pitching: RHP Victor Powell
|
|
Batting: RHB Jason Ruffin
|
0-0: Called Strike 0-1: Ball 1-1: Fly out, F8 (Popup, 4MD)
|
Bottom of the 5th over - 2 run(s), 2 hit(s), 0 error(s), 0 left on base; Helena 0 - Lancaster 6 |
TOP OF THE 6TH |
Helena Grizzlies batting - Pitching for Lancaster Farmers : RHP John Boyle
|
Batting: RHB Emílio Ortíz
|
0-0: Ball 1-0: Foul Ball, location: 2F 1-1: Foul Ball, location: 2F 1-2: Strikes out swinging
|
Batting: RHB Joe Chase
|
0-0: Swinging Strike 0-1: Swinging Strike 0-2: Strikes out looking
|
Batting: LHB Juan Hernández
|
0-0: Foul Ball, location: 2F 0-1: SINGLE (Groundball, 6MD)
|
Batting: RHB Pancho Salaedo
|
0-0: Ball 1-0: Ball 2-0: Ball 3-0: Base on Balls Juan Hernández to second
|
Batting: LHB José Alonso
|
0-0: Foul Ball, location: 2F 0-1: 3-RUN HOME RUN (Flyball, 9D), Distance : 389 ft
|
Batting: RHB Wilbur James
|
0-0: Ball 1-0: Bunted foul 1-1: Foul Ball, location: 2F 1-2: Strikes out swinging
|
Top of the 6th over - 3 run(s), 2 hit(s), 0 error(s), 0 left on base; Helena 3 - Lancaster 6 |
BOTTOM OF THE 6TH |
Lancaster Farmers batting - Pitching for Helena Grizzlies : RHP Victor Powell
|
Batting: LHB Jim Unknown
|
0-0: Ball 1-0: Fly out, F7 (Flyball, 78D)
|
Batting: RHB Bennett Bates
|
0-0: Called Strike 0-1: Ball 1-1: Ball 2-1: Foul Ball, location: 2F 2-2: Ball 3-2: DOUBLE (Line Drive, 8RM)
|
Batting: RHB Chuck Wolf
|
0-0: Intentional Walk
|
Batting: LHB Rob Wilson
|
0-0: Called Strike 0-1: Foul Ball, location: 2F 0-2: Fly out, F8 (Flyball, 8LM)
|
Batting: RHB Jack Sloan
|
0-0: Swinging Strike 0-1: Foul Ball, location: 2F 0-2: Foul Ball, location: 2F 0-2: Ball 1-2: Strikes out swinging
|
Bottom of the 6th over - 0 run(s), 1 hit(s), 0 error(s), 2 left on base; Helena 3 - Lancaster 6 |
TOP OF THE 7TH |
Helena Grizzlies batting - Pitching for Lancaster Farmers : RHP John Boyle
|
Batting: RHB David Ramírez
|
0-0: Ball 1-0: Swinging Strike 1-1: Foul Ball, location: 2F 1-2: SINGLE (Flyball, 7LM)
|
Batting: RHB Hank Kenney
|
0-0: Sac Bunt - play at second, runner safe!
|
Batting: RHB Jack Glenn
|
0-0: Swinging Strike 0-1: Ball 1-1: Sac Bunt - play at first, batter OUT! 5-4 David Ramírez to third Hank Kenney to second
|
Pitching: LHP António Silva
|
|
Batting: RHB Emílio Ortíz
|
0-0: Ball 1-0: Ball 2-0: Called Strike 2-1: Swinging Strike 2-2: Ground out 4-3 (Groundball, 34) David Ramírez scores Hank Kenney to third
|
Batting: RHB Joe Chase
|
0-0: Ball 1-0: Ball 2-0: Called Strike 2-1: SINGLE (Line Drive, 34) Hank Kenney scores
|
Pitching: LHP Gustavo Rúbio
|
|
Pinch Hitting: SHB Bruce Hunt
|
0-0: Foul Ball, location: 2F 0-1: Foul Ball, location: 2F 0-2: Strikes out swinging
|
Top of the 7th over - 2 run(s), 2 hit(s), 0 error(s), 1 left on base; Helena 5 - Lancaster 6 |
BOTTOM OF THE 7TH |
Lancaster Farmers batting - Pitching for Helena Grizzlies : RHP Victor Powell
|
Now in CF: Bruce Hunt
|
|
Batting: RHB Fernando Castro
|
0-0: Swinging Strike 0-1: Foul Ball, location: 2F 0-2: Strikes out looking
|
Batting: RHB Fred Meyer
|
0-0: Swinging Strike 0-1: Foul Ball, location: 2F 0-2: Ball 1-2: Ball 2-2: Strikes out swinging
|
Batting: LHB Jim Unknown
|
0-0: Ball 1-0: Called Strike 1-1: Ball 2-1: Ball 3-1: Fly out, F9 (Flyball, 9S)
|
Bottom of the 7th over - 0 run(s), 0 hit(s), 0 error(s), 0 left on base; Helena 5 - Lancaster 6 |
TOP OF THE 8TH |
Helena Grizzlies batting - Pitching for Lancaster Farmers : LHP Gustavo Rúbio
|
Pitching: RHP Benjamin Booth
|
|
Now at 1B: Javier Zumaya
|
|
Batting: RHB Pancho Salaedo
|
0-0: Ball 1-0: Ball 2-0: Ground out 6-3 (Groundball, 6)
|
Batting: LHB José Alonso
|
0-0: Ground out 4-3 (Groundball, 34)
|
Batting: RHB Wilbur James
|
0-0: Foul Ball, location: 2F 0-1: Ball 1-1: Ball 2-1: Ground out 3-1 (Groundball, 34)
|
Top of the 8th over - 0 run(s), 0 hit(s), 0 error(s), 0 left on base; Helena 5 - Lancaster 6 |
BOTTOM OF THE 8TH |
Lancaster Farmers batting - Pitching for Helena Grizzlies : RHP Victor Powell
|
Pitching: LHP Alonso García
|
|
Batting: RHB Jason Ruffin
|
0-0: Fly out, F9 (Flyball, 89M)
|
Batting: LHB Jim Unknown
|
0-0: Called Strike 0-1: Foul Ball, location: 2F 0-2: Ball 1-2: Foul Ball, location: 2F 1-2: Ball 2-2: Foul Ball, location: 2F 2-2: Strikes out looking
|
Batting: SHB Javier Zumaya
|
0-0: Called Strike 0-1: Ball 1-1: Foul Ball, location: 2F 1-2: Ball 2-2: SINGLE (Groundball, 56S)
|
Pinch Hitting: RHB Ray John
|
0-0: Called Strike 0-1: Ball 1-1: Ball 2-1: Foul Ball, location: 2F 2-2: Foul Ball, location: 2F 2-2: Ball 3-2: Foul Ball, location: 2F 3-2: SINGLE (Groundball, 4) Javier Zumaya to second Javier Zumaya to third
|
Pinch Hitting: RHB Alan Potts
|
0-0: Called Strike 0-1: Swinging Strike 0-2: Ball 1-2: Foul Ball, location: 2F 1-2: Strikes out looking
|
Bottom of the 8th over - 0 run(s), 2 hit(s), 0 error(s), 2 left on base; Helena 5 - Lancaster 6 |
TOP OF THE 9TH |
Helena Grizzlies batting - Pitching for Lancaster Farmers : RHP Benjamin Booth
|
Pitching: RHP Ted Thompson
|
|
Now at 2B: Jim Unknown
|
|
Now in CF: Arturo Robles
|
|
Pinch Hitting: LHB Rufo Flores
|
0-0: Swinging Strike 0-1: Ball 1-1: Ball 2-1: Ball 3-1: Base on Balls
|
Batting: RHB Hank Kenney
|
0-0: Foul Ball, location: 2F 0-1: Called Strike 0-2: Ball 1-2: Ball 2-2: Strikes out looking
|
Pinch Hitting: LHB Ismael Dolit
|
0-0: Called Strike 0-1: Ball 1-1: Swinging Strike 1-2: Ball 2-2: Foul Ball, location: 2F 2-2: Fly out, F9 (Flyball, 9M)
|
Pinch Hitting: LHB Juan González
|
0-0: Foul Ball, location: 2F 0-1: DOUBLE (Flyball, 8LXD) Rufo Flores to third
|
Batting: RHB Joe Chase
|
0-0: Called Strike 0-1: Fly out, F7 (Flyball, 7M)
|
Top of the 9th over - 0 run(s), 1 hit(s), 0 error(s), 2 left on base; Helena 5 - Lancaster 6 |
|